 Dungeon Crawl Stone Soup version 0.22-a0-609-gfedc9ff (webtiles) character file.

1029 Gildeon the Charmwright (level 8, -1/63 HPs)
             Began as a Gnoll Skald on July 10, 2018.
             Was a Follower of Dithmenos.
             Killed by divine providence
             ... invoked by an orc priest
              (15 damage)
             ... on level 6 of the Dungeon.
             The game lasted 00:22:03 (4406 turns).

Gildeon the Charmwright (Gnoll Skald)               Turns: 4406, Time: 00:22:05

Health: -1/63      AC: 11    Str: 15    XL:     8   Next: 23%
Magic:  16/16      EV: 18    Int: 20    God:    Dithmenos [*.....]
Gold:   290        SH:  0    Dex: 15    Spells: 0/18 levels left

rFire    . . .     SeeInvis +   v - +10 dagger of Due Proportion {pierce, Int+4 SInv}
rCold    . . .     Gourm    .   (no shield)
rNeg     . . .     Faith    .   b - +3 leather armour
rPois    .         Spirit   .   (no helmet)
rElec    .         Reflect  .   (no cloak)
rCorr    .         Harm     .   m - +2 pair of gloves
MR       .....                  (no boots)
Stlth    +.........             i - amulet of magic regeneration
HPRegen  0.20/turn              n - ring of wizardry
MPRegen  0.40/turn              q - +3 ring of evasion

@: confused, infused, singing, wreathed by umbra
A: distributed training, fangs 1, yellow scales 1, wild magic 1, strong nose
a: Renounce Religion


You were on level 6 of the Dungeon.
You worshipped Dithmenos.
Dithmenos was aware of your devotion.
You were not hungry.

You visited 2 branches of the dungeon, and saw 7 of its levels.
You also visited: Sewer.

You collected 290 gold pieces.

Inventory:

Hand Weapons
 v - the +10 dagger of Due Proportion (weapon) {pierce, Int+4 SInv}
   (You found it on level 5 of the Dungeon)

   It inflicts extra damage upon your enemies.
   It affects your intelligence (+4).
   It lets you see invisible.
Armour
 b - a +3 leather armour (worn)
 m - a +2 pair of gloves (worn)
Jewellery
 i - an amulet of magic regeneration (around neck)
 n - a ring of wizardry (left hand)
 o - an uncursed ring of protection from cold
 q - a +3 ring of evasion (right hand)
Scrolls
 a - 2 scrolls of fear
 g - 7 scrolls of teleportation
 l - a scroll of remove curse
 s - a scroll of fog {unknown}
 u - a scroll of amnesia {unknown}
Potions
 c - 2 potions of haste
 e - 3 potions of ambrosia
 f - 3 potions of heal wounds
 h - a potion of mutation
 j - 3 potions of flight
 k - 2 potions of magic
 p - 3 potions of curing
 t - a potion of agility {unknown}
Comestibles
 d - 8 rations
 w - 16 chunks of flesh


   Skills:
 + Level 5.5 Fighting
 + Level 3.0 Short Blades
 + Level 5.5 Long Blades
 + Level 3.0 Axes
 + Level 3.0 Maces & Flails
 + Level 3.0 Polearms
 + Level 3.0 Staves
 + Level 3.0 Slings
 + Level 3.0 Bows
 + Level 3.0 Crossbows
 + Level 3.0 Throwing
 + Level 4.0 Armour
 + Level 5.5 Dodging
 + Level 3.0 Stealth
 + Level 3.0 Shields
 + Level 3.0 Unarmed Combat
 + Level 5.9 Spellcasting
 + Level 2.4 Conjurations
 + Level 2.4 Hexes
 + Level 6.0 Charms
 + Level 2.4 Summonings
 + Level 2.4 Necromancy
 + Level 2.4 Translocations
 + Level 2.4 Transmutations
 + Level 2.4 Fire Magic
 + Level 2.4 Ice Magic
 + Level 2.4 Air Magic
 + Level 2.4 Earth Magic
 + Level 2.4 Poison Magic
 + Level 3.3 Invocations
 + Level 3.0 Evocations


You couldn't memorise any spells.
You knew the following spells:

 Your Spells              Type           Power        Failure   Level  Hunger
a - Infusion              Chrm           ####         1%          1    None
b - Song of Slaying       Chrm           #####...     1%          2    None
c - Shroud of Golubria    Chrm/Tloc      ####......   2%          2    None
d - Swiftness             Chrm/Air       ####....     2%          2    None
e - Regeneration          Chrm/Necr      ####......   4%          3    ##.....
f - Spectral Weapon       Hex/Chrm       ####....     4%          3    ##.....
g - Shock                 Conj/Air       ###.         3%          1    None
h - Static Discharge      Conj/Air       ###.....     9%          3    ##.....
i - Flame Tongue          Conj/Fire      ###..        3%          1    None

Your spell library contained the following spells:

 Spells                   Type           Power        Failure   Level  Hunger
 Fireball                 Conj/Fire      ###.......   52%         5    #####..
 Conjure Flame            Conj/Fire      ###.....     9%          3    ##.....
 Lightning Bolt           Conj/Air       ###.......   52%         5    #####..
 Throw Flame              Conj/Fire      ###...       4%          2    None
 Sticky Flame             Conj/Fire      ###.....     24%         4    ####...
 Airstrike                Air            ###.......   24%         4    ####...
 Inner Flame              Hex/Fire       ###.....     9%          3    ##.....


Dungeon Overview and Level Annotations

Branches:
Dungeon (6/15)             Temple (1/1) D:4

Altars:
Cheibriados
Dithmenos
Fedhas
Hepliaklqana
Kikubaaqudgha
Nemelex Xobeh
Okawaru
Ru
Sif Muna
Uskayaw
Xom
Yredelemnul
Zin
The Shining One

Annotations:
D:6 1 runed door, sking99's ghost, novice DrTm


Innate Abilities, Weirdness & Mutations

Your experience applies equally to all skills.
You have very sharp teeth.
Your uncanny sense of smell can sniff out nearby items.
You are partially covered in yellow scales. (AC +2)
Your spells are a little harder to cast, but a little more powerful.


Message History

You bite the orc priest, but do no damage.
The orc priest is lightly wounded.
You hear a shout!
The orc hits you with a club.
* * * LOW HITPOINT WARNING * * *
The orc priest barely misses you. The orc wizard misses you.
The gnoll misses you.
You hit the orc priest.
The orc priest is heavily wounded.
The orc wizard casts a spell at you. The puff of flame hits you!
* * * LOW HITPOINT WARNING * * *
The orc completely misses you. The orc priest closely misses you.
You are confused.
You feel invigorated.
The orc wizard hits you but does no damage.
The orc misses you.
The orc priest calls down the wrath of Beogh upon you.
Beogh smites you!
You die...

### ..# #.# #.#### #.#g.
#.#g#### ########o#<...#
###........@o.#
.........#o#†.#
.........#....#
.........#...[###
###+####.#....#..∆
#....#.#..#.# ## ###
#.##.#.#..#.## .. ..#
#.#<.#.#.#..#.##.#######.#
...........[...........<...


You could see an orc priest, an orc wizard, 2 gnolls and an orc.

Vanquished Creatures
  An ogre (D:4)
  A centaur (D:6)
  4 big kobolds (Sewer)
  A bullfrog (D:6)
  A crimson imp (D:5)
  3 hounds (D:5)
  An orc priest (D:5)
  A bullfrog skeleton (D:4)
  An iguana (D:4)
  2 worker ants (D:6)
  4 gnolls
  11 adders
  3 oozes (Sewer)
  7 worms
  A dart slug (D:5)
  5 orcs
  2 ball pythons
  4 giant cockroaches
  4 goblins
  3 hobgoblins
  15 jackals
  7 quokkas
  5 bats
  3 frilled lizards
  A giant cockroach zombie (D:6)
  11 kobolds
  A quokka skeleton (D:5)
  15 rats
118 creatures vanquished.

Notes
Turn   | Place    | Note
-------+----------+-------------------------------------------
     0 | D:1      | Gildeon the Gnoll Skald began the quest for the Orb.
     0 | D:1      | Reached XP level 1. HP: 20/20 MP: 6/6
   740 | D:2      | Reached XP level 2. HP: 26/26 MP: 7/7
   781 | D:2      | Reached XP level 3. HP: 31/31 MP: 1/9
   817 | D:2      | Reached skill level 5 in Spellcasting
   826 | D:2      | Learned a level 2 spell: Song of Slaying
   830 | D:2      | Learned a level 2 spell: Shroud of Golubria
   834 | D:2      | Learned a level 3 spell: Regeneration
   838 | D:2      | Learned a level 3 spell: Spectral Weapon
  1112 | D:2      | Reached skill level 1 in Invocations
  1146 | D:2      | Reached skill level 1 in Short Blades
  1146 | D:2      | Reached skill level 1 in Axes
  1146 | D:2      | Reached skill level 1 in Maces & Flails
  1146 | D:2      | Reached skill level 1 in Polearms
  1146 | D:2      | Reached skill level 1 in Staves
  1146 | D:2      | Reached skill level 1 in Slings
  1146 | D:2      | Reached skill level 1 in Bows
  1146 | D:2      | Reached skill level 1 in Crossbows
  1146 | D:2      | Reached skill level 1 in Throwing
  1146 | D:2      | Reached skill level 1 in Stealth
  1146 | D:2      | Reached skill level 1 in Shields
  1146 | D:2      | Reached skill level 1 in Unarmed Combat
  1146 | D:2      | Reached skill level 1 in Evocations
  1146 | D:2      | Reached XP level 4. HP: 38/38 MP: 8/11
  1373 | D:3      | Gained mutation: Your spells are a little harder to cast, but a little more powerful. [potion of mutation]
  1373 | D:3      | Gained mutation: You are partially covered in yellow scales. (AC +2) [potion of mutation]
  1635 | D:3      | Reached skill level 1 in Conjurations
  1635 | D:3      | Reached skill level 1 in Hexes
  1635 | D:3      | Reached skill level 1 in Summonings
  1635 | D:3      | Reached skill level 1 in Necromancy
  1635 | D:3      | Reached skill level 1 in Translocations
  1635 | D:3      | Reached skill level 1 in Transmutations
  1635 | D:3      | Reached skill level 1 in Fire Magic
  1635 | D:3      | Reached skill level 1 in Ice Magic
  1635 | D:3      | Reached skill level 1 in Air Magic
  1635 | D:3      | Reached skill level 1 in Earth Magic
  1635 | D:3      | Reached skill level 1 in Poison Magic
  1787 | D:4      | Reached XP level 5. HP: 41/43 MP: 7/12
  1855 | D:4      | Found a staircase to the Ecumenical Temple.
  1894 | Temple   | Entered the Ecumenical Temple
  1983 | Temple   | Became a worshipper of Dithmenos the Shadowed
  2128 | D:4      | Found a glowing drain.
  2162 | Sewer    | Entered a sewer
  2204 | Sewer    | Noticed a big kobold
  2223 | Sewer    | Killed a big kobold
  2223 | Sewer    | Reached XP level 6. HP: 40/50 MP: 10/13
  2292 | Sewer    | Reached skill level 5 in Fighting
  2292 | Sewer    | Reached skill level 5 in Long Blades
  2292 | Sewer    | Reached skill level 5 in Dodging
  2559 | Sewer    | Reached XP level 7. HP: 56/56 MP: 11/15
  2655 | Sewer    | Reached * piety under Dithmenos
  2947 | D:4      | Learned a level 2 spell: Swiftness
  2949 | D:4      | Learned a level 1 spell: Shock
  2953 | D:4      | Learned a level 3 spell: Static Discharge
  3528 | D:5      | Entered Level 5 of the Dungeon
  3778 | D:5      | Got a crystal dagger
  3779 | D:5      | Identified the +10 dagger of Due Proportion {pierce, Int+4 SInv} (You found it on level 5 of the Dungeon)
  4287 | D:6      | Reached skill level 6 in Charms
  4287 | D:6      | Reached XP level 8. HP: 52/63 MP: 10/16
  4336 | D:6      | Learned a level 1 spell: Flame Tongue
  4350 | D:6      | Found a runed door.
  4355 | D:6      | Noticed sking99's ghost (novice DrTm)
  4406 | D:6      | Killed from afar by an orc priest

Vault maps used:
D:1:      dpeg_arrival_radiant, minmay_pentomino_r2
D:4:      minmay_temple_entry_large_hall, cheibrodos_sewer_entry_bend
D:5:      serial_glass, glass_columns_b, glass_columns_c, first_ration,
          cheibrodos_gnoll_hut
D:6:      kennysheep_mini_moat, nicolae_overflow_hidden_temple,
          gammafunk_temple_overflow_elements, ebering_ghost_sewer_f
Temple:   zaba_magenta_temple
Sewer:    sewer_co_tree

Skill      XL: |  1  2  3  4  5  6  7  8 |
---------------+-------------------------+-----
Spellcasting   | 5 |  5.9
Invocations    | 1 2 3 |  3.3
Short Blades   | 1 2 3 |  3.0
Axes           | 1 2 3 |  3.0
Maces & Flails | 1 2 3 |  3.0
Polearms       | 1 2 3 |  3.0
Staves         | 1 2 3 |  3.0
Slings         | 1 2 3 |  3.0
Bows           | 1 2 3 |  3.0
Crossbows      | 1 2 3 |  3.0
Throwing       | 1 2 3 |  3.0
Stealth        | 1 2 3 |  3.0
Shields        | 1 2 3 |  3.0
Unarmed Combat | 1 2 3 |  3.0
Evocations     | 1 2 3 |  3.0
Conjurations   | 1 2 |  2.4
Hexes          | 1 2 |  2.4
Summonings     | 1 2 |  2.4
Necromancy     | 1 2 |  2.4
Translocations | 1 2 |  2.4
Transmutations | 1 2 |  2.4
Fire Magic     | 1 2 |  2.4
Ice Magic      | 1 2 |  2.4
Air Magic      | 1 2 |  2.4
Earth Magic    | 1 2 |  2.4
Poison Magic   | 1 2 |  2.4
Armour         | 3 4 |  4.0
Fighting       | 5 |  5.5
Long Blades    | 5 |  5.5
Dodging        | 5 |  5.5
Charms         | 6 |  6.0

Action                   |  1- 3 |  4- 6 |  7- 9 || total
-------------------------+-------+-------+-------++-------
Melee: Falchion          |     5 |       |       ||     5
       Dagger            |    43 |   155 |   132 ||   330
       Bite              |     2 |    11 |    10 ||    23
       Punch             |       |       |     3 ||     3
 Cast: Infusion          |    15 |    21 |    13 ||    49
       Shroud of Golubri |       |     1 |     4 ||     5
       Song of Slaying   |       |     1 |     3 ||     4
       Regeneration      |       |       |     2 ||     2
       Swiftness         |       |       |     2 ||     2
  Use: Scroll            |     6 |     7 |     3 ||    16
       Potion            |       |     1 |     1 ||     2
 Stab: Sleeping          |     1 |       |     2 ||     3
  Eat: Chunk             |     1 |     4 |     5 ||    10
       Ration            |       |       |     1 ||     1
Armor: Leather armour    |    13 |    24 |    25 ||    62
Dodge: Dodged            |    49 |    65 |   142 ||   256
       Rpst.: Falchion   |     3 |       |       ||     3

Table legend:
 A = Spawn XP
 B = Non-spawn XP
 C = Spawn XP percentage of total XP
 D = Spawn monster count
 E = Non-spawn monster count
 F = Spawn count percentage of total count
 G = Total turns spent on level
                    A         B        C        D         E        F      G
               +---------+---------+-------+---------+---------+-------+---------
         Total |       0 |    1471 |   0.0 |       0 |     118 |   0.0 |  4406
               +---------+---------+-------+---------+---------+-------+---------
           D:1 |       0 |       9 |   0.0 |       0 |       7 |   0.0 |   739
           D:2 |       0 |      81 |   0.0 |       0 |      24 |   0.0 |   632
           D:3 |       0 |      48 |   0.0 |       0 |      15 |   0.0 |   409
           D:4 |       0 |     256 |   0.0 |       0 |      16 |   0.0 |   987
           D:5 |       0 |     286 |   0.0 |       0 |      15 |   0.0 |   749
           D:6 |       0 |     291 |   0.0 |       0 |      13 |   0.0 |   127
         Sewer |       0 |     500 |   0.0 |       0 |      28 |   0.0 |   660
               +---------+---------+-------+---------+---------+-------+---------
